 Dungeon Crawl Stone Soup version 0.29.1-2-gbd0b4ee654 (webtiles) character file.

Game seed: 321415111334606017

51 Sabo the Trooper (level 3, -2/34 HPs)
             Began as a Naga Berserker on Nov 11, 2022.
             Was a Believer of Trog.
             Slain by an adder (4 damage)
             ... on level 2 of the Dungeon.
             The game lasted 00:09:37 (2187 turns).

Sabo the Trooper (Naga Berserker)                   Turns: 2187, Time: 00:09:40

Health: -2/34      AC:  4    Str: 21    XL:     3   Next: 83%
Magic:  3/3        EV:  9    Int:  7    God:    Trog [**....]
Gold:   67         SH:  0    Dex: 10    Spells: 2/2 levels left

rFire   . . .      SeeInvis +   d - +1 dagger (elec)
rCold   . . .      Faith    .   (no shield)
rNeg    . . .      Spirit   .   e - +0 ring mail
rPois   +          Reflect  .   (no helmet)
rElec   .          Harm     .   (no cloak)
rCorr   .          Rampage  .   (no gloves)
Will    .....                   (no barding)
Stlth   ..........              (no amulet)
HPRegen 0.11/turn               (no ring)
MPRegen 0.08/turn               (no ring)

@: lethally poisoned (-2 -> -5), flying, very slow
A: AC +1, large, see invisible, deformed body, poison resistance, slowness 2,
spit poison 1, naga tail 1
a: Spit Poison, Renounce Religion, Berserk, Trog's Hand


You were on level 2 of the Dungeon.
You worshipped Trog.
Trog was pleased with you.
You visited 1 branch of the dungeon, and saw 2 of its levels.

You collected 67 gold pieces.

Inventory:

Hand Weapons
 a - a +0 hand axe
 d - a +1 dagger of electrocution (weapon)
Missiles
 c - 6 javelins (quivered)
 f - 5 boomerangs
Armour
 e - a +0 ring mail (worn)
Scrolls
 g - a scroll of fog {unknown}
 i - 2 scrolls of poison {unknown}
 k - a scroll of identify {unknown}
Potions
 b - a potion of flight
 h - 4 potions of attraction {unknown}
 j - a potion of haste {unknown}


   Skills:
 + Level 3.5 Fighting
 + Level 0.1 Short Blades
 + Level 3.4 Axes
 + Level 2.2 Armour
 + Level 1.8 Dodging


You had 2 spell levels left.
You didn't know any spells.
Your spell library was empty.

Dungeon Overview and Level Annotations

Branches:
Dungeon (2/15)

Altars:

Shops:
D:1 [


Innate Abilities, Weirdness & Mutations

Your serpentine skin is tough. (AC +1)
You have supernaturally acute eyesight. (SInv)
Armour fits poorly on your strangely shaped body.
Your system is resistant to poisons. (rPois)
You cover ground very slowly.
You can spit poison.
You have a snake-like lower body.


Message History

You closely miss the giant cockroach. Your punch misses the giant cockroach.
The adder bites you. The giant cockroach barely misses you.
You barely miss the adder.
The giant cockroach bites you but does no damage.
The adder bites you but does no damage. The adder barely misses you.
You barely miss the adder. The giant cockroach barely misses you.
The adder bites you. The adder barely misses you.
You completely miss the adder. The giant cockroach bites you.
The adder bites you.
You are poisoned.
The adder poisons you! The adder bites you. The giant cockroach bites you.
You hit the adder but do no damage.
You feel sick. The adder bites you. The adder barely misses you.
The giant cockroach closely misses you. The adder closely misses you.
The adder bites you.
You are more poisoned.
The adder poisons you!
You closely miss the adder.
You feel very sick. The adder completely misses you.
The giant cockroach closely misses you. The adder bites you.
You miss the adder.
You feel sick. The adder closely misses you. The adder barely misses you.
The giant cockroach bites you.
* * * LOW HITPOINT WARNING * * *
You hit the adder but do no damage. Lightning courses through the adder!!
You kill the adder!
Trog accepts your kill.
You feel sick. The adder bites you.
* * * LOW HITPOINT WARNING * * *
The giant cockroach barely misses you. The adder bites you but does no damage.
* * * LOW HITPOINT WARNING * * *
You feel sick. The giant cockroach barely misses you.
The adder bites you but does no damage. The giant cockroach bites you.
* * * LOW HITPOINT WARNING * * *
It was a potion of flight.
You feel very buoyant.
You fly up into the air.
* * * LOW HITPOINT WARNING * * *
You feel sick. The adder barely misses you.
The giant cockroach barely misses you. The adder bites you.
You die...

.... ..####
#.####.....##
###.......##..###
.##.#.#.#.#.#.#.#.##
.............).....#
###.#.#.#.#.#.#.#.###
#..................
##.#.#.#.#.#.#B#.#.####
#.>............@......#
##.#.#.#.#.#.#S#.####.#
#.................#
##.#.#.#.#.#.#.#.#..
#....................
##.#.#.#.#.#.#.#.#.....
##.########...........
#.# #........... #.#


You could see an adder and a giant cockroach.

Vanquished Creatures
  An adder (D:2)
  2 dart slugs
  5 bats (D:1)
  5 endoplasms
  2 giant cockroaches
  3 goblins (D:1)
  3 hobgoblins (D:1)
  3 jackals (D:1)
  3 kobolds (D:1)
  2 ball pythons (D:1)
  A frilled lizard (D:2)
  5 rats
35 creatures vanquished.

Vanquished Creatures (others)
  2 plants (D:2)
2 creatures vanquished.

Grand Total: 37 creatures vanquished

Notes
Turn   | Place    | Note
-------+----------+-------------------------------------------
     0 | D:1      | Sabo the Naga Berserker began the quest for the Orb.
     0 | D:1      | Reached XP level 1. HP: 21/21 MP: 1/1
   100 | D:1      | Reached XP level 2. HP: 26/28 MP: 2/2
  1044 | D:1      | Reached XP level 3. HP: 34/34 MP: 3/3
  1146 | D:1      | Found a faded altar of an unknown god.
  1512 | D:1      | Found Tocit's Antique Armour Emporium.
  1554 | D:1      | Reached ** piety under Trog
  2187 | D:2      | Slain by an adder

Illustrated notes

Levels and vault maps discovered:
D:1:      kilobyte_arrival_exit_the_forest, layout_basic, serial_shops, shop,
          serial_aquarium, aquarium_bridge_long_separate
          [aquarium_subvault_bridge, aquarium_subvault_wall,
          aquarium_subvault_bridge, aquarium_subvault_bridge,
          aquarium_subvault_wall, aquarium_subvault_wall], aquarium_window_1,
          aquarium_window_fake, aquarium_window_2, aquarium_view_2e,
          ebering_ecumenical_altar_webs
D:2:      layout_basic, st_stairs_11, serial_bayou_pond_a

Skill      XL: |  1  2 |
---------------+-------+-----
Armour         | 2 |  2.2
Fighting       | |  3.5
Short Blades   | |  0.1
Axes           | |  3.4
Dodging        | |  1.8

Action                   || total
-------------------------++-------
Melee: Hand axe          ||    35
       Dagger            ||    80
Invok: Berserk           ||     1
 Abil: Spit Poison       ||     9
  Use: Potion            ||     1
Armor: Animal skin       ||     8
       Ring mail         ||    42
       Leather armour    ||     2
Dodge: Dodged            ||    82
